 Dungeon Sprint DCSS version 0.30.1-4-g462c640d31 (webtiles) character file.

Game seed: 12247113165920398356

5778 Heoruswealwe the Ninja (level 10, -5/53 HPs)
             Began as a Spriggan Artificer on Sept 4, 2023.
             Was an Initiate of Gozag.
             Shot with an arrow by a centaur warrior (16 damage)
             ... in the Dungeon (Sprint I: "Red Sonja") on Sept 5, 2023.
             The game lasted 00:10:09 (604 turns).

Heoruswealwe the Ninja (Spriggan Artificer)          Turns: 604, Time: 00:10:10

Health: -5/53      AC:  0    Str:  8    XL:     10   Next: 50%
Magic:  11/11      EV: 25    Int: 14    God:    Gozag
Gold:   1174       SH:  0    Dex: 19    Spells: 9/9 levels left

rFire   . . .        a - melded +6 dagger (freeze)
rCold   . . .        (shield currently unavailable)
rNeg    . . .        c - melded +0 robe
rPois   .            (helmet currently unavailable)
rElec   .            (cloak currently unavailable)
rCorr   .            (gloves unavailable)
SInv    +            (boots unavailable)
Will    +....        i - amulet of magic regeneration
Stlth   ++++++++++   (ring currently unavailable)
HPRegen 0.28/turn    (ring currently unavailable)
MPRegen 0.52/turn

%: no teleportation
@: pig-form, very quick
A: fast, no casting, small, no large weapons, unfitting armour, see invisible,
(speed 3)
a: Renounce Religion, Potion Petition, Call Merchant, Bribe Branch


You were in the Dungeon.
You worshipped Gozag.
Gozag was most pleased with you.
You were a filthy swine.
You visited 1 branch You collected 1204 gold pieces.
You donated 30 gold pieces to Zin.

Inventory:

Hand Weapons
 a - a +6 dagger of freezing (melded)
Armour
 c - a +0 robe (melded)
Jewellery
 i - an amulet of magic regeneration (around neck)
Wands
 b - a wand of flame (2) (quivered)
 d - a wand of charming (15)
 l - a wand of polymorph (3)
Scrolls
 j - a scroll of identify {unknown}
 k - a scroll of blinking
 m - a scroll of vulnerability {unknown}
 o - a scroll of immolation {unknown}
 p - a scroll of fear {unknown}
Potions
 f - 3 potions of curing
 g - a potion of heal wounds
 h - a potion of haste
 n - a potion of brilliance {unknown}


   Skills:
 + Level 6.6 Fighting
 + Level 8.6 Short Blades
 * Level 13.7 Dodging
 O Level 27 Stealth
 + Level 11.1 Evocations


You had 9 spell levels left.
You didn't know any spells.
Your spell library was empty.

Dungeon Overview and Level Annotations

Branches:
Dungeon (1/1)

Altars:
Cheibriados
Dithmenos
Elyvilon
Fedhas
Gozag
Hepliaklqana
Kikubaaqudgha
Makhleb
Nemelex Xobeh
Okawaru
Qazlal
Ru
Sif Muna
Trog
Uskayaw
Vehumet
Wu Jian
Xom
Yredelemnul
Zin
The Shining One
Jiyva
Lugonu

Shops:
D [[:[[=[


Innate Abilities, Weirdness & Mutations

You are a filthy swine.
You move quickly.
Your equipment is almost entirely melded.
You are incapable of wielding weapons or throwing items.
You cannot cast spells.
You are very small and have problems with some larger weapons.
You are too small for most types of armour.
You have supernaturally acute eyesight. (SInv)
((You cover ground extremely quickly. (Speed+++)))


Message History

That beam is likely to hit you.
Continue anyway?
You turn into a filthy swine.
Your +6 dagger of freezing melds into your body.
Your +0 robe melds into your body.
Your +6 dagger of freezing stops glowing.
Aiming: Polymorph
Press: ? - help, Shift-Dir - straight line, f - you That beam is likely to hit you.
Continue anyway?
Nothing appears to happen.
The centaur warrior shoots an arrow.
The arrow misses you.
Aiming: Polymorph
Press: ? - help, Shift-Dir - straight line, f - you That beam is likely to hit you.
Continue anyway?
Nothing appears to happen.
The centaur warrior unwields a +0 longbow.
The centaur warrior misses you.
The centaur warrior completely misses you.
The centaur warrior barely misses you.
The centaur warrior completely misses you.
Aiming: Polymorph
Press: ? - help, Shift-Dir - straight line, f - you That beam is likely to hit you.
Continue anyway?
Nothing appears to happen.
The centaur warrior hits you! The centaur warrior barely misses you.
Aiming: Polymorph
Press: ? - help, Shift-Dir - straight line, f - you That beam is likely to hit you.
Continue anyway?
Nothing appears to happen.
The centaur warrior hits you. The centaur warrior kicks you.
* * * LOW HITPOINT WARNING * * *
The centaur warrior completely misses you.
The centaur warrior kicks you.
* * * LOW HITPOINT WARNING * * *
The centaur warrior wields a +0 longbow.
The centaur warrior shoots an arrow.
The arrow misses you.
There is an open door, spattered with blood here.
There is an open door here.
The centaur warrior shoots an arrow.
The arrow hits you!
You die...
Your body crumbles into a pile of gold.

#.)#####'#####'#__####...+
$
#..####..#...#.####)[#####
$ #..#__####..##.#~§§§.#$$
#..#_____##'#_.+§§§c.+
#⌠⌠#_.∩..÷'..._#§c§c§#$$
####_..__##_.#'##c###
$$#_____###'#.#.§§[### $
############.####c###!## $
#∩........'..h'.....'[∩#
###''''####.).########## $
#.......####.###
#........#.#'#.# $
#..#.....#.....# $
#........#.....#
#.....#..#######
#........# $ #..#.....#


You could see a centaur warrior.

Vanquished Creatures
  Sonja (D)
  A deep troll (D)
  8 shining eyes (D)
  2 kobold demonologists (D)
  A slime creature (D)
  Sigmund (D)
  A yak (D)
  5 floating eyes (D)
  An ogre (D)
  A jelly (D)
  Ijyb (D)
  A ballistomycete spore (D)
24 creatures vanquished.

Vanquished Creatures (others)
  A ballistomycete spore (D)
1 creature vanquished.

Grand Total: 25 creatures vanquished

Notes
Turn   | Place    | Note
-------+----------+-------------------------------------------
     0 | D        | Heoruswealwe the Spriggan Artificer began the quest for the
                  | Orb.
     0 | D        | Reached XP level 1. HP: 9/9 MP: 2/2
     1 | D        | Noticed Ijyb
     8 | D        | Killed Ijyb
     9 | D        | Reached skill level 9 in Stealth
     9 | D        | Reached XP level 2. HP: 7/14 MP: 3/3
    42 | D        | Noticed an ogre
    45 | D        | Killed an ogre
    46 | D        | Reached skill level 14 in Stealth
    46 | D        | Reached XP level 3. HP: 17/17 MP: 4/4
    46 | D        | Reached XP level 4. HP: 21/21 MP: 5/5
    54 | D        | Noticed Sigmund
    59 | D        | Killed Sigmund
    60 | D        | Reached skill level 18 in Stealth
    60 | D        | Reached XP level 5. HP: 25/25 MP: 6/6
    60 | D        | Reached XP level 6. HP: 29/29 MP: 7/7
    73 | D        | Found a burning altar of Makhleb.
    73 | D        | Found a viscous altar of Jiyva.
    73 | D        | Found a shimmering altar of Xom.
    73 | D        | Found a corrupted altar of Lugonu.
    73 | D        | Noticed a slime creature
    74 | D        | Found an ornate altar of the Wu Jian Council.
    74 | D        | Found a shimmering blue altar of Sif Muna.
    77 | D        | Found a radiant altar of Vehumet.
    82 | D        | Reached skill level 19 in Stealth
   119 | D        | Found Xuikh's Armour Emporium.
   119 | D        | Found an ancient bone altar of Kikubaaqudgha.
   119 | D        | Found a hazy altar of Hepliaklqana.
   119 | D        | Found a stormy altar of Qazlal.
   119 | D        | Found a hide-covered altar of Uskayaw.
   119 | D        | Found a blossoming altar of Fedhas.
   119 | D        | Found a bloodstained altar of Trog.
   119 | D        | Found an iron altar of Okawaru.
   119 | D        | Found a basalt altar of Yredelemnul.
   119 | D        | Found a glowing golden altar of the Shining One.
   119 | D        | Found a snail-covered altar of Cheibriados.
   119 | D        | Found a sacrificial altar of Ru.
   119 | D        | Found a glowing silver altar of Zin.
   119 | D        | Found a shadowy altar of Dithmenos.
   119 | D        | Found a white marble altar of Elyvilon.
   119 | D        | Noticed a yak
   120 | D        | Found an opulent altar of Gozag.
   121 | D        | Killed a yak
   122 | D        | Reached skill level 21 in Stealth
   122 | D        | Found a sparkling altar of Nemelex Xobeh.
   128 | D        | Became a worshipper of Zin the Law-Giver
   128 | D        | Reached * piety under Zin
   128 | D        | Reached ** piety under Zin
   128 | D        | Reached *** piety under Zin
   128 | D        | Reached **** piety under Zin
   128 | D        | Reached ***** piety under Zin
   128 | D        | Reached ****** piety under Zin
   138 | D        | Noticed Sonja
   142 | D        | Killed Sonja
   143 | D        | Reached skill level 25 in Stealth
   143 | D        | Reached XP level 7. HP: 32/32 MP: 8/8
   143 | D        | Reached XP level 8. HP: 37/37 MP: 9/9
   157 | D        | Found Oniroeps's Armour Boutique.
   167 | D        | Noticed a shining eye
   167 | D        | Noticed a shining eye
   167 | D        | Noticed a shining eye
   167 | D        | Noticed a shining eye
   167 | D        | Noticed a shining eye
   167 | D        | Noticed a shining eye
   170 | D        | Noticed a shining eye
   170 | D        | Noticed a shining eye
   175 | D        | Paralysed by a floating eye for 3 turns
   181 | D        | Reached skill level 26 in Stealth
   183 | D        | Killed a shining eye
   184 | D        | Reached skill level 5 in Dodging
   184 | D        | Reached skill level 5 in Evocations
   187 | D        | Paralysed by a floating eye for 3 turns
   194 | D        | Killed a shining eye
   195 | D        | Reached XP level 9. HP: 44/44 MP: 10/10
   201 | D        | Reached skill level 27 in Stealth
   222 | D        | Killed a shining eye
   223 | D        | Reached skill level 5 in Short Blades
   236 | D        | Killed a shining eye
   245 | D        | Killed a shining eye
   246 | D        | Reached skill level 10 in Dodging
   260 | D        | Killed a shining eye
   261 | D        | Reached skill level 5 in Fighting
   273 | D        | Killed a shining eye
   274 | D        | Reached XP level 10. HP: 52/52 MP: 11/11
   290 | D        | Killed a shining eye
   291 | D        | Reached skill level 10 in Evocations
   305 | D        | Fell from the grace of Zin
   305 | D        | Became a worshipper of Gozag Ym Sagoz the Greedy
   341 | D        | Noticed a deep troll
   345 | D        | Killed a deep troll
   352 | D        | Found Hicir's Armour Emporium.
   432 | D        | Found Sonaoclo's Antique Armour Shoppe.
   432 | D        | Found Qiotaw's Antique Armour Shop.
   432 | D        | Found Piaschekh's Book Emporium.
   432 | D        | Found Gewnoahe's Jewellery Boutique.
   591 | D        | Noticed a centaur warrior
   591 | D        | Noticed a centaur warrior
   604 | D        | Shot with an arrow by a centaur warrior

Illustrated notes

Levels and vault maps discovered:
D:        dungeon_sprint_1 [red_sonja_temple_1, red_sonja_temple_small_1]

Skill      XL: |  1  2  3  4  5  6  7  8  9 10 |
---------------+-------------------------------+-----
Stealth        | 9 14 18 25 26 27 | 27.0
Fighting       | 3 5 6 |  6.6
Short Blades   | 4 7 8 |  8.6
Dodging        | 6 11 13 | 13.7
Evocations     | 6 9 11 | 11.1

Action                     |  1- 3 |  4- 6 |  7- 9 | 10-12 || total
---------------------------+-------+-------+-------+-------++-------
  Melee: Dagger            |     1 |     3 |    72 |    31 ||   107
  Evoke: Wand              |     6 |     3 |       |    14 ||    23
   Stab: Sleeping          |     1 |     3 |     5 |     2 ||    11
 Armour: Robe              |     1 |       |       |       ||     1
  Dodge: Dodged            |       |     1 |       |    22 ||    23
